 Dungeon Crawl Stone Soup version 0.30.1-3-gfc49f6343a (webtiles) character file.

Game seed: 8825837351140254863

150180 Anriel the Fencer (level 18, -14/134 HPs)
             Began as a Human Fighter on July 20, 2023.
             Was a High Priest of Qazlal.
             Killed from afar by a Hell Sentinel (29 damage)
             ... with an iron shot
             ... on level 3 of the Abyss on July 24, 2023.
             The game lasted 02:59:07 (27333 turns).

Anriel the Fencer (Human Fighter)                  Turns: 27333, Time: 02:59:08

Health: -14/134    AC: 45    Str: 18    XL:     18   Next: 15%
Magic:  34/34      EV: 10    Int:  9    God:    Qazlal [*****.]
Gold:   1165       SH: 14    Dex: 22    Spells: 17/17 levels left

rFire   + . .        V - +5 long sword (heavy)
rCold   x . .        c - +0 buckler
rNeg    . . .        x - +14 plate armour of Insatiable Hunger {Dex+3}
rPois   +            e - +2 helmet
rElec   +            k - +2 cloak
rCorr   .            m - +2 pair of gloves
SInv    +            G - +0 pair of boots "Gaigea" {rElec rPois rC- MP+9 SInv}
Will    +....        g - amulet of regeneration Stlth
                     U - +4 ring of slaying
HPRegen 0.00/turn    n - ring of protection from fire
MPRegen 0.24/turn

%: repel missiles
@: protected from physical damage, sick, slowed, very slow
A: no striking features
a: Renounce Religion, Upheaval, Elemental Force, Disaster Area


You were on level 3 of the Abyss.
You worshipped Qazlal.
Qazlal was extremely pleased with you.
You visited 5 branches of the dungeon, and saw 25 of its levels.
You visited the Abyss 2 times.
You also visited: Ossuary, Bailey, Gauntlet and Volcano.

You collected 2748 gold pieces.
You spent 1583 gold pieces at shops.

Inventory:

Hand Weapons
 d - the +2 sling of the Enchanting Badger {flame, rPois rC- rN+ Will+}
   (You found it on level 2 of the Snake Pit)

   rC:        It makes you vulnerable to cold.
   rPois:     It protects you from poison.
   rN:        It protects you from negative energy.
   Will:      It increases your willpower.
 q - a +3 sling
 P - the +11 plutonium sword {Contam Stlth-}
   (You found it on level 5 of the Lair of Beasts)

   Contam:    It causes magical contamination when unequipped.
   Stlth:     It makes you less stealthy.
 V - a +5 heavy long sword (weapon)
Missiles
 Q - a throwing net (quivered)
Armour
 c - a +0 buckler (worn)
 e - a +2 helmet (worn)
 k - a +2 cloak (worn)
 m - a +2 pair of gloves (worn)
 u - a +2 pair of boots
 x - the +14 plate armour of Insatiable Hunger (worn) {Dex+3}
   (You found it on level 4 of the Lair of Beasts)

   Dex:       It affects your dexterity (+3).
 G - the +0 pair of boots "Gaigea" (worn) {rElec rPois rC- MP+9 SInv}
   (You acquired it in a bailey)

   rC:        It makes you vulnerable to cold.
   rElec:     It insulates you from electricity.
   rPois:     It protects you from poison.
   MP:        It affects your magic capacity (+9).
   SInv:      It lets you see invisible.
Jewellery
 g - an amulet of regeneration (around neck)
 n - a ring of protection from fire (right hand)
 C - a +5 ring of evasion
 D - an amulet of guardian spirit
 U - a +4 ring of slaying (left hand)
Wands
 b - a wand of polymorph (7)
 j - a wand of paralysis (20)
 v - a wand of flame (26)
 y - a wand of light (8)
 J - a wand of mindburst (2)
 W - a wand of roots (7)
Scrolls
 l - a scroll of fear
 o - 2 scrolls of brand weapon
 p - a scroll of enchant weapon
 r - 4 scrolls of blinking
 s - 4 scrolls of immolation
 z - 5 scrolls of teleportation
 A - 2 scrolls of enchant armour
 L - a scroll of silence
 M - 3 scrolls of fog
 N - 9 scrolls of identify
 R - 2 scrolls of poison
Potions
 a - 2 potions of haste
 f - 2 potions of might
 t - a potion of resistance
 F - 2 potions of cancellation
 I - a potion of magic
 K - 3 potions of lignification
 S - 3 potions of flight
Miscellaneous
 w - a box of beasts


   Skills:
 - Level 10.0 Fighting
 * Level 18.3 Long Blades
 - Level 10.0 Ranged Weapons
 + Level 13.0 Armour
 + Level 7.0 Dodging
 - Level 10.0 Shields
 - Level 10.0 Invocations
 - Level 10.0 Evocations


You had 17 spell levels left.
You didn't know any spells.
Your spell library contained the following spells:

 Spells                   Type           Power      Damage    Failure   Level
 Apportation              Tloc           0%         N/A       100%        1
 Foxfire                  Conj/Fire      0%         2x1d4     100%        1
 Magic Dart               Conj           0%         1d3       100%        1
 Necrotise                Necr           0%         1d4       100%        1
 Slow                     Hex            0%         N/A       100%        1
 Sting                    Tmut/Pois      0%         1d3       100%        1
 Summon Small Mammal      Summ           0%         N/A       100%        1
 Blink                    Tloc           0%         N/A       100%        2
 Call Imp                 Summ           0%         N/A       100%        2
 Ensorcelled Hibernation  Hex/Ice        0%         N/A       100%        2
 Lesser Beckoning         Tloc           0%         N/A       100%        2
 Momentum Strike          Conj/Tloc      0%         3d8       100%        2
 Passwall                 Tmut/Erth      0%         N/A       100%        2
 Poisonous Vapours        Pois/Air       0%         N/A       100%        2
 Static Discharge         Conj/Air       0%         2-2/arc   100%        2
 Call Canine Familiar     Summ           0%         N/A       100%        3
 Confusing Touch          Hex            0%         N/A       100%        3
 Frozen Ramparts          Ice            0%         1d1       100%        3
 Inner Flame              Hex/Fire       0%         N/A       100%        3
 Mephitic Cloud           Conj/Pois/Air  0%         N/A       100%        3
 Portal Projectile        Hex/Tloc       0%         N/A       100%        3
 Spider Form              Tmut/Pois      0%         N/A       100%        3
 Swiftness                Air            0%         N/A       100%        3
 Teleport Other           Tloc           0%         N/A       100%        3
 Vampiric Draining        Necr           0%         2d6       100%        3
 Vhi's Electric Charge    Tloc/Air       0%         N/A       100%        3
 Airstrike                Air            0%         2d(0-16)  100%        4
 Anguish                  Hex/Necr       0%         N/A       100%        4
 Flame Wave               Conj/Fire      0%         2d4       100%        4
 Ice Form                 Ice/Tmut       0%         N/A       100%        4
 Leda's Liquefaction      Hex/Erth       0%         N/A       100%        4
 Manifold Assault         Tloc           0%         N/A       100%        4
 Olgreb's Toxic Radiance  Pois           0%         N/A       100%        4
 Sticky Flame             Conj/Fire      0%         2d3       100%        4
 Summon Ice Beast         Ice/Summ       0%         N/A       100%        4
 Summon Lightning Spire   Summ/Air       0%         N/A       100%        4
 Arcjolt                  Conj/Air       0%         1d10      100%        5
 Blade Hands              Tmut           0%         N/A       100%        5
 Fireball                 Conj/Fire      0%         3d3       100%        5
 Irradiate                Conj/Tmut      0%         3d11      100%        5
 Plasma Beam              Fire/Air       0%         2x1d11    100%        6
 Starburst                Conj/Fire      0%         6d3       100%        6
 Dragon Form              Tmut           0%         N/A       100%        7
 Spellforged Servitor     Conj/Summ      0%         N/A       100%        7
 Disjunction              Tloc           0%         N/A       100%        8
 Maxwell's Capacitive Co  Air            0%         ∞         100%        8
 Chain Lightning          Conj/Air       0%         N/A       100%        9


Dungeon Overview and Level Annotations

Branches:
Dungeon (15/15)            Temple (1/1) D:6            Lair (5/5) D:10
 Shoals (0/4) Lair:2        Snake (2/4) Lair:2        Slime (0/5) Lair:5
    Orc (2/2) D:11            Elf (0/3) Orc:2        Vaults (0/5) D:13
 Depths (0/4) D:15        Ossuary (visited)          Bailey (visited)
Volcano (visited)         Gauntlet (visited)

Altars:
Ashenzari
Cheibriados
Dithmenos
Elyvilon
Fedhas
Gozag
Hepliaklqana
Kikubaaqudgha
Makhleb
Nemelex Xobeh
Okawaru
Qazlal
Ru
Sif Muna
Trog
Uskayaw
Vehumet
Wu Jian
Xom
Yredelemnul
Zin
The Shining One
Lugonu

Shops:
D:9 (=?   D:10 *   D:11 (   D:12 *   D:13 *   Orc:1 !*   Orc:2 :??[

Annotations:
Snake:2 Louise


Message History

The cacodemon is almost dead.
You feel sick.
You are no longer poisoned.
The mad acolyte of Lugonu is engulfed in freezing vapours.
You block the orange demon's attack. The cacodemon gestures at you.
The bolt of energy hits you.
* * * LOW HITPOINT WARNING * * *
An ancient zyme comes into view.
You feel yourself growing ill in the presence of the ancient zyme.
A small abomination comes into view.
You block the orange demon's attack.
The cacodemon hits you but does no damage. x2
You closely miss the cacodemon.
The cacodemon is almost dead.
You hear a croak.
You block the orange demon's attack. You block the cacodemon's attack. x2
You feel ill.
The orange demon stings you but does no damage.
The cacodemon gestures at you.
You are confused.
You bump into the rock wall.
You are suddenly pulled into a different region of the Abyss!
The abyss shimmers again as the detected abyssal rune vanishes from your memory.
You start resting.
Your protection from fire is fading.
You start resting.
You feel less confused.
A bone dragon comes into view.
Blink to where?
Press: ? - help, Dir - move target
As you read the scroll of blinking, it crumbles to dust.
You hear a roar!
You feel less protected from fire.
A large abomination comes into view.
A Hell Sentinel comes into view.
The Hell Sentinel gestures at you. The iron shot hits you!!
You feel protected from physical attacks.
You die...

.... .... ... #..
#..# ..# .. #
#..##..##..##.#
................
...........1... #..
#..# ..# #
...##..##.X##..##..#
#.....§.☼..○.....#
#....D.°..@.......
#..##..##§.##..##..#
. #..##..# ..#
..............
................
..##..##..##..##..#
.## ..##..# ..# ...
#.......≈. ... #.
#~.~~....~


You could see a bone dragon, a Hell Sentinel and a large abomination.

Vanquished Creatures
  Saint Roka (Orc:2)
  Jorgrun (D:14)
  Gastronok (Orc:1)
  Kirke (Lair:4)
  A balrug (Abyss:3)
  2 orc warlords
  A juggernaut zombie (Abyss:3)
  An ironbound preserver (D:13)
  A stone giant (Orc:1)
  A minotaur (Gauntlet)
  A blizzard demon (Abyss:3)
  A dire elephant (Lair:5)
  Snorg (Lair:4)
  An ettin (Orc:1)
  Fannar (Lair:1)
  A yaktaur captain (D:15)
  The ghost of Destapler the Fighter, a journeyman GnWn of Jiyva (D:9)
  4 hydras
  2 ogre magi (Orc:2)
  A ghost crab (Gauntlet)
  4 catoblepae
  6 anacondas
  9 centaur warriors
  3 two-headed ogres
  3 boulder beetles
  The ghost of raetorn the Jester, a novice AtFi of Nemelex Xobeh (D:7)
  The ghost of TangoThomas the Carver, a novice BaRe of Okawaru (D:8)
  13 death yaks (Lair:5)
  A naga warrior (Snake:1)
  An orc high priest (Orc:1)
  A shock serpent (Snake:1)
  Urug (Orc:2)
  4 thrashing horrors (Abyss:3)
  Amaemon (Lair:1)
  A hell knight (Volcano)
  2 skysharks
  A wretched star (Abyss:3)
  A sixfirhy (Abyss:3)
  4 skeletal warriors (D:14)
  A salamander mystic (Snake:2)
  An obsidian statue (Gauntlet)
  A naga ritualist (Snake:1)
  A sea snake (Snake:1)
  A flayed ghost (Abyss:3)
  5 lindwurms
  2 deep elf pyromancers
  3 orc knights
  2 necromancers
  15 ugly things
  A wolf spider (D:15)
  7 mana vipers
  2 manticores (Lair:5)
  12 orc sorcerers
  A will-o-the-wisp (Abyss:3)
  9 cyclopes
  3 salamanders
  2 centaur zombies
  A merfolk siren (Lair:2)
  14 elephants
  6 black mambas
  4 naga magi
  7 torpor snails
  2 orange demons
  Maurice (Orc:2)
  2 centaur skeletons (D:15)
  3 smoke demons (Abyss:3)
  11 cane toads
  An unseen horror (D:11)
  3 rime drakes
  2 komodo dragons
  An efreet (Gauntlet)
  3 yaktaurs (Volcano)
  A tengu conjurer (D:15)
  An ancient zyme (D:9)
  8 trolls
  2 polar bears
  2 hornets (D:8)
  A blink frog (Lair:5)
  A raiju (D:9)
  12 dream sheep
  2 shadows
  11 slime creatures
  3 wraiths
  A vampire (D:12)
  2 ynoxinuls (Abyss:3)
  6 wyverns
  A fire elemental (Gauntlet)
  3 basilisks
  6 fire bats (Volcano)
  9 large abominations (Abyss:3)
  30 yaks
  4 hogs (Lair:4)
  A steam dragon (D:8)
  5 acid dragons
  2 nagas
  4 wargs
  2 swamp worms (Gauntlet)
  15 water moccasins
  2 hell hounds (Gauntlet)
  Duvessa (D:7)
  A meliai simulacrum (D:15)
  29 orc warriors
  A black bear (Lair:4)
  An ice beast (D:6)
  A sky beast (D:8)
  6 ogres
  5 wolves
  3 centaurs
  A phantom (D:4)
  2 kobold brigands
  An elf zombie (Ossuary)
  2 gnoll sergeants
  13 bullfrogs
  6 small abominations
  4 scorpions
  5 wights (D:9)
  Dowan (D:7)
  7 killer bees
  4 electric eels
  2 vampire bats (Orc:2)
  6 howler monkeys
  8 lava snakes
  11 orc priests
  A gnoll bouda (D:7)
  3 hounds
  9 jellies
  A human zombie (Ossuary)
  4 sleepcaps
  43 orc wizards
  5 iguanas
  2 mummies (Ossuary)
  Robin (D:2)
  12 gnolls
  10 adders
  A shadow imp (D:7)
  2 white imps
  2 ufetubi
  5 adder zombies (Ossuary)
  2 worms
  A dart slug (D:3)
  81 orcs
  9 bats
  11 endoplasms
  3 giant cockroaches
  18 goblins
  10 hobgoblins
  4 jackals (D:3)
  8 kobolds
  3 quokkas
  7 ball pythons
  3 frilled lizards
  3 goblin zombies (Ossuary)
  8 hobgoblin zombies (Ossuary)
  A jackal zombie (Ossuary)
  4 kobold zombies (Ossuary)
  13 orc zombies (Ossuary)
  7 rats
  A rat zombie (Ossuary)
769 creatures vanquished.

Vanquished Creatures (collateral kills)
  A tentacled starspawn (Abyss:3)
  A fire dragon (D:15)
  A fenstrider witch zombie (Abyss:3)
  A two-headed ogre (Orc:2)
  A skeletal warrior (D:14)
  2 slime creatures (D:15)
  2 wargs (Orc:2)
  A small abomination (D:9)
  An orc warrior (Orc:2)
  An orc priest (Orc:2)
  An orc wizard (Orc:2)
  An ufetubus (Abyss:3)
  An orc (Orc:2)
15 creatures vanquished.

Vanquished Creatures (others)
  A human (Lair:4)
  2 orc wizards
  2 starspawn tentacles (Abyss:3)
5 creatures vanquished.

Grand Total: 789 creatures vanquished

Notes
Turn   | Place    | Note
-------+----------+-------------------------------------------
     0 | D:1      | Anriel the Human Fighter began the quest for the Orb.
     0 | D:1      | Reached XP level 1. HP: 18/18 MP: 1/1
   366 | D:1      | Reached XP level 2. HP: 22/24 MP: 2/2
   802 | D:2      | Reached XP level 3. HP: 22/29 MP: 3/3
   969 | D:2      | Noticed Robin
   983 | D:2      | Reached skill level 3 in Long Blades
  1000 | D:2      | Killed Robin
  1001 | D:2      | Reached XP level 4. HP: 9/37 MP: 4/4
  1344 | D:3      | Found a shimmering blue altar of Sif Muna.
  1401 | D:3      | Found an ornate altar of the Wu Jian Council.
  1566 | D:3      | Reached XP level 5. HP: 42/42 MP: 5/5
  2002 | D:4      | Reached skill level 4 in Long Blades
  2022 | D:4      | Found a burning altar of Makhleb.
  2022 | D:4      | Found a bloodstained altar of Trog.
  2025 | D:4      | Found a basalt altar of Yredelemnul.
  2213 | D:4      | Reached skill level 5 in Fighting
  2213 | D:4      | Reached XP level 6. HP: 50/51 MP: 6/6
  2989 | D:5      | Entered Level 5 of the Dungeon
  3019 | D:5      | Found a sand-covered staircase.
  3024 | Ossuary  | Entered an ossuary
  3209 | Ossuary  | Reached skill level 5 in Long Blades
  3209 | Ossuary  | Reached XP level 7. HP: 50/56 MP: 7/7
  3413 | D:5      | Reached skill level 1 in Dodging
  3444 | D:5      | Found a snail-covered altar of Cheibriados.
  3445 | D:5      | Noticed a water moccasin
  3465 | D:5      | Killed a water moccasin
  3471 | D:5      | Reached XP level 8. HP: 33/62 MP: 8/8
  3641 | D:5      | Reached skill level 5 in Armour
  3647 | D:5      | Reached skill level 5 in Shields
  3666 | D:5      | Noticed a wyvern
  3733 | D:5      | Killed a wyvern
  4444 | D:6      | Reached skill level 6 in Long Blades
  4492 | D:6      | Reached XP level 9. HP: 35/68 MP: 9/9
  4668 | D:6      | Reached skill level 7 in Long Blades
  4878 | D:6      | Found a staircase to the Ecumenical Temple.
  4887 | Temple   | Entered the Ecumenical Temple
  5075 | Temple   | Became a worshipper of Qazlal Stormbringer
  5929 | D:7      | Found a runed translucent gate.
  5929 | D:7      | Found a runed translucent gate.
  5930 | D:7      | Found a runed translucent gate.
  5930 | D:7      | Noticed raetorn's ghost (novice AtFi)
  6288 | D:7      | Noticed Duvessa
  6288 | D:7      | Noticed Dowan
  6309 | D:7      | Killed Duvessa
  6328 | D:7      | Killed Dowan
  6521 | D:7      | Reached * piety under Qazlal
  6798 | D:8      | Noticed a hornet
  6805 | D:8      | Paralysed by a hornet for 1 turns
  6816 | D:8      | Saw a vision of the Shoals and the Snake Pit.
  6816 | D:8      | Found a broken altar of Ashenzari.
  6816 | D:8      | Noticed a merfolk impaler
  6816 | D:8      | Noticed a sea snake
  6816 | D:8      | Noticed a wind drake
  6816 | D:8      | Noticed a harpy
  6816 | D:8      | Noticed a merfolk siren
  6816 | D:8      | Noticed a black mamba
  6816 | D:8      | Noticed a naga warrior
  6816 | D:8      | Noticed a sea snake
  6816 | D:8      | Noticed a sea snake
  6816 | D:8      | Noticed a salamander
  6816 | D:8      | Noticed a salamander
  6816 | D:8      | Noticed a skyshark
  6816 | D:8      | Noticed a merfolk
  6817 | D:8      | Noticed a snapping turtle
  6818 | D:8      | Noticed a black mamba
  6819 | D:8      | Noticed a salamander
  6987 | D:8      | Found a runed translucent gate.
  6987 | D:8      | Found a runed translucent gate.
  6988 | D:8      | Found a runed translucent gate.
  6990 | D:8      | Noticed TangoThomas's ghost (novice BaRe)
  7011 | D:8      | Found a shimmering altar of Xom.
  7029 | D:8      | Reached skill level 8 in Long Blades
  7029 | D:8      | Reached XP level 10. HP: 59/74 MP: 10/10
  7059 | D:8      | Identified the +0 leather armour "Heiwoc" {+Inv}
  7112 | D:8      | Reached skill level 1 in Invocations
  7235 | D:8      | Reached skill level 5 in Dodging
  7235 | D:8      | Reached skill level 1 in Evocations
  7401 | D:8      | Found a transporter.
  7413 | D:8      | Found a transporter.
  7430 | D:8      | Found a transporter.
  7438 | D:8      | Found a transporter.
  7536 | D:8      | Paralysed by a hornet for 3 turns
  7883 | D:7      | Killed raetorn's ghost
  8096 | D:8      | Reached skill level 9 in Long Blades
  8211 | D:8      | Killed TangoThomas's ghost
  8390 | D:8      | Identified the ring "Uhaelat" {Fly Str+6 Dex-4 SInv Stlth-}
  8415 | D:9      | Found Ryshricua's Antique Weapon Shop.
  8415 | D:9      | Found Afauwu's Jewellery Shop.
  8415 | D:9      | Found Lene's Magic Scroll Shop.
  8476 | D:9      | Got the Vademecum on Hurting and Portals
  8646 | D:9      | Found an iron altar of Okawaru.
  8747 | D:9      | Found a transporter.
  8747 | D:9      | Found a transporter.
  8748 | D:9      | Found a corrupted altar of Lugonu.
  8748 | D:9      | Noticed a red ugly thing
  8748 | D:9      | Noticed a white ugly thing
  8781 | D:9      | Reached XP level 11. HP: 69/79 MP: 14/14
  8968 | D:9      | Found a runed translucent gate.
  8969 | D:9      | Found a runed translucent gate.
  8970 | D:9      | Found a runed translucent gate.
  8970 | D:9      | Noticed Destapler's ghost (journeyman GnWn)
  9099 | D:9      | Reached skill level 10 in Long Blades
  9354 | D:10     | Entered Level 10 of the Dungeon
  9392 | D:10     | Found Oforrap's Assorted Antiques.
  9411 | D:10     | Bought a potion of heal wounds for 135 gold pieces
  9411 | D:10     | Bought a shiny diamond ring for 135 gold pieces
  9411 | D:10     | Bought a scroll of identify for 54 gold pieces
  9411 | D:10     | Bought a scroll of identify for 54 gold pieces
  9458 | D:10     | Reached ** piety under Qazlal
  9491 | D:10     | Reached skill level 5 in Invocations
  9629 | D:10     | Found a flagged portal.
  9675 | Bailey   | Entered a bailey
  9710 | Bailey   | Reached skill level 5 in Evocations
  9805 | Bailey   | Noticed an orc knight
  9805 | Bailey   | Reached skill level 5 in Ranged Weapons
  9805 | Bailey   | Reached XP level 12. HP: 91/91 MP: 15/15
 10340 | Bailey   | Reached XP level 13. HP: 97/97 MP: 15/19
 10358 | Bailey   | Acquired the +0 pair of boots "Gaigea" {rElec rPois rC-
                  | MP+9 SInv}
 10508 | D:10     | Reached skill level 10 in Armour
 10801 | D:10     | Found a staircase to the Lair.
 10904 | D:9      | Bought a scroll of identify for 30 gold pieces
 10904 | D:9      | Bought a scroll of identify for 30 gold pieces
 10904 | D:9      | Bought a scroll of enchant weapon for 112 gold pieces
 11129 | D:9      | Identified the +2 falchion of Moderation {venom, rElec rF++
                  | rC+ SInv}
 11347 | D:9      | Killed Destapler's ghost
 11734 | D:11     | Found a staircase to the Orcish Mines.
 11904 | D:11     | Found Rurghes's Antique Weapon Emporium.
 12505 | D:12     | Reached *** piety under Qazlal
 12716 | D:12     | Found Guimyc's Assorted Antiques.
 12725 | D:12     | Bought a potion of heal wounds for 130 gold pieces
 13071 | D:13     | Reached XP level 14. HP: 106/106 MP: 20/20
 13211 | D:13     | Found a gate to the Vaults.
 13211 | D:13     | Noticed an ironbound preserver
 13229 | D:13     | Killed an ironbound preserver
 13547 | D:13     | Found Leasuket's Demolitions Depot.
 13737 | D:13     | Reached skill level 11 in Long Blades
 13903 | D:14     | Found a gate leading to a gauntlet.
 13914 | Gauntlet | Entered a Gauntlet
 13914 | Gauntlet | Found a transporter.
 13921 | Gauntlet | Found a transporter.
 13925 | Gauntlet | Found a transporter.
 13929 | Gauntlet | Found a transporter.
 13933 | Gauntlet | Found a transporter.
 13937 | Gauntlet | Found a runed translucent door.
 13937 | Gauntlet | Found a runed translucent door.
 13941 | Gauntlet | Found a transporter.
 13945 | Gauntlet | Found a transporter.
 13953 | Gauntlet | Found a transporter.
 13957 | Gauntlet | Found a transporter.
 13970 | Gauntlet | Found a transporter.
 13986 | Gauntlet | Found a transporter.
 13998 | Gauntlet | Found a transporter.
 14010 | Gauntlet | Found a transporter.
 14022 | Gauntlet | Found a transporter.
 14582 | Gauntlet | Noticed a minotaur
 14612 | Gauntlet | Killed a minotaur
 14618 | Gauntlet | Identified the ring "Becar" {rC+ Str+3 Int+3}
 14618 | Gauntlet | Identified the amulet "Foiqik" {Reflect rCorr Str+3 Dex-4
                  | SH+5}
 14619 | Gauntlet | Got the Cyclopedia of the Voyage
 15135 | D:14     | Reached skill level 12 in Long Blades
 15618 | D:14     | Noticed Jorgrun
 15629 | D:14     | Killed Jorgrun
 16086 | D:15     | Entered Level 15 of the Dungeon
 16289 | D:15     | Reached XP level 15. HP: 111/113 MP: 21/21
 16648 | D:15     | Reached skill level 13 in Long Blades
 16648 | D:15     | Reached skill level 10 in Shields
 17049 | D:15     | Found a staircase to the Depths.
 17478 | D:15     | Reached **** piety under Qazlal
 17498 | D:15     | Noticed an orc warlord
 17516 | D:15     | Killed an orc warlord
 17630 | D:15     | Identified the +7 quarterstaff of the Wary Xeniums {heavy,
                  | rC++ rN+}
 18014 | Orc:1    | Entered Level 1 of the Orcish Mines
 18014 | Orc:1    | Found a transporter.
 18015 | Orc:1    | Found a transporter.
 18015 | Orc:1    | Noticed a stone giant
 18152 | Orc:1    | Found Qegiunel's General Store.
 18160 | Orc:1    | Bought a potion of heal wounds for 85 gold pieces
 18160 | Orc:1    | Bought a potion of might for 68 gold pieces
 18160 | Orc:1    | Bought a potion of curing for 51 gold pieces
 18184 | Orc:1    | You fall into a shaft and drop 1 floor!
 18184 | Orc:2    | Entered Level 2 of the Orcish Mines
 18333 | Orc:1    | Found Neuwull's Distillery.
 18386 | Orc:2    | Found a staircase to the Elven Halls.
 18427 | Orc:2    | Noticed Urug
 18444 | Orc:2    | Killed Urug
 18447 | Orc:2    | Reached ***** piety under Qazlal
 18472 | Orc:2    | Noticed Saint Roka
 18482 | Orc:2    | Noticed an orc warlord
 18501 | Orc:2    | Reached skill level 14 in Long Blades
 18515 | Orc:2    | Killed an orc warlord
 18853 | Orc:2    | Killed Saint Roka
 18854 | Orc:2    | Reached skill level 10 in Fighting
 18854 | Orc:2    | Reached skill level 10 in Ranged Weapons
 19226 | Orc:2    | Noticed Maurice
 19231 | Orc:2    | Killed Maurice
 19250 | Orc:2    | Found Qoneg's Antique Armour Shop.
 19284 | Orc:2    | Found Achiock's Book Boutique.
 19327 | Orc:2    | Found a radiant altar of Vehumet.
 19337 | Orc:2    | Found Raockeop's Magic Scroll Boutique.
 19362 | Orc:2    | Paralysed by an orc sorcerer for 5 turns
 19391 | Orc:2    | Found an ancient bone altar of Kikubaaqudgha.
 19419 | Orc:2    | Bought a scroll of fear for 52 gold pieces
 19419 | Orc:2    | Bought a scroll of blinking for 97 gold pieces
 19429 | Orc:2    | Found Lesib's Magic Scroll Boutique.
 19440 | Orc:2    | Paralysed by an orc sorcerer for 5 turns
 19483 | Orc:2    | Reached XP level 16. HP: 84/118 MP: 23/23
 19538 | Orc:2    | Bought a scroll of enchant armour for 105 gold pieces
 19538 | Orc:2    | Bought a scroll of blinking for 105 gold pieces
 19598 | Orc:2    | Bought a twisted scarf for 340 gold pieces
 19598 | Orc:2    | Identified the scarf "Uxtupair" {shadows, Drain Str+7
                  | Slay-2 SInv} (You bought it in a shop on level 2 of the
                  | Orcish Mines)
 19816 | Orc:1    | Identified the staff of air "Botuj" {rElec rCorr}
 19854 | Orc:1    | Noticed Gastronok
 20296 | Orc:1    | Killed Gastronok
 20297 | Orc:1    | Reached skill level 15 in Long Blades
 20454 | Lair:1   | Entered Level 1 of the Lair of Beasts
 20533 | Lair:1   | Noticed Amaemon
 20539 | Lair:1   | Noticed Fannar
 20546 | Lair:1   | Killed Amaemon
 20559 | Lair:1   | Killed Fannar
 20686 | Lair:1   | Found a dark tunnel.
 20701 | Volcano  | Entered a volcano
 20813 | Volcano  | Reached skill level 10 in Invocations
 20881 | Volcano  | Found a burning altar of Makhleb.
 20908 | Volcano  | Found a burning altar of Makhleb.
 22274 | Lair:2   | Found a staircase to the Snake Pit.
 22500 | Lair:2   | Found a staircase to the Shoals.
 23000 | Lair:3   | Found a snail-covered altar of Cheibriados.
 23359 | Lair:3   | Got the Octavo of Conflict
 23629 | Lair:4   | Noticed Kirke
 23648 | Lair:4   | Killed Kirke
 23649 | Lair:4   | Reached skill level 16 in Long Blades
 23813 | Lair:4   | Identified the +14 plate armour of Insatiable Hunger
                  | {Dex+3}
 23844 | Lair:4   | Noticed Snorg
 23855 | Lair:4   | Killed Snorg
 24503 | Lair:5   | Entered Level 5 of the Lair of Beasts
 24549 | Lair:5   | Reached XP level 17. HP: 91/128 MP: 24/24
 25020 | Lair:5   | Found a runed translucent door.
 25023 | Lair:5   | Found a staircase to the Slime Pits.
 25026 | Lair:5   | Identified the +3 scale mail of the Mind {Str+3}
 25138 | Lair:5   | Reached skill level 17 in Long Blades
 25150 | Lair:5   | Reached ****** piety under Qazlal
 25184 | Lair:5   | Found the +11 plutonium sword {Contam Stlth-}
 25959 | Snake:1  | Entered Level 1 of the Snake Pit
 25997 | Snake:1  | Reached skill level 10 in Evocations
 26932 | Snake:2  | Identified the +2 sling of the Enchanting Badger {flame,
                  | rPois rC- rN+ Will+}
 26981 | Snake:2  | Noticed Louise
 26991 | Abyss:3  | Cast into level 3 of the Abyss (Louise)
 26992 | Abyss:3  | Found a corrupted altar of Lugonu.
 27023 | Abyss:3  | Found a corrupted altar of Lugonu.
 27173 | Abyss:3  | Reached skill level 18 in Long Blades
 27174 | Abyss:3  | Noticed a tentacled starspawn
 27182 | Abyss:3  | Killed a tentacled starspawn
 27183 | Abyss:3  | Reached XP level 18. HP: 117/134 MP: 24/25
 27204 | Snake:2  | Escaped the Abyss
 27225 | Abyss:3  | Cast into level 3 of the Abyss (Louise)
 27317 | Abyss:3  | Found a corrupted altar of Lugonu.
 27326 | Abyss:3  | Noticed a bone dragon
 27330 | Abyss:3  | Noticed a Hell Sentinel
 27333 | Abyss:3  | Killed from afar by a Hell Sentinel

Illustrated notes

Levels and vault maps discovered:
D:1:      dpeg_arrival_pond, layout_basic
D:2:      layout_loops_ring, uniq_robin
D:3:      layout_loops_cross, nicolae_sif_muna_condensation,
          nicolae_overflow_crystal_walls
D:4:      layout_layer_cave, minitemple, eino_small_chamber_without_monster
D:5:      layout_basic, mainiacjoe_overflow_cross_hatched, enter_ossuary_5,
          chequers_jeans
D:6:      layout_basic, minmay_temple_entry_glassed_door
D:7:      layout_basic, gammafunk_ghost_split, uniq_duvessa
D:8:      layout_rooms, mainiacjoe_overflow_alcove_1, grunt_ashenzari_visionary
          [grunt_ashenzari_visionary_shoals, grunt_ashenzari_visionary_snake],
          gammafunk_ghost_split, nicolae_transporter_intersection
D:9:      gammafunk_corrupted_shrine, layout_irregular_city,
          mainiacjoe_overflow_surrounded_room, ebering_ghost_rock_garden,
          nicolae_shop_distant_corner_stores
D:10:     layout_rooms, lair_entry_dummy, serial_shops, nicolae_shop_crystal,
          enter_bailey_2
D:11:     layout_basic, erik_orc_3, serial_shops, shop, lemuel_old_faithful
D:12:     layout_roguey, serial_shops, nicolae_shop_dealshenge
D:13:     layout_rooms, skrybe_vaults_entry_preservation, nicolae_blasting_shop,
          minmay_strange_pillars, hex_tiny
D:14:     layout_basic, gauntlet_entry_generic, minmay_crystal_room,
          kennysheep_minor_cross, uniq_jorgrun
D:15:     grunt_enter_depths_magical_seal, layout_basic,
          dreamdust_princess_corridor, serial_aquarium, aquarium_bridge_square
          [aquarium_subvault_wall, aquarium_subvault_bridge,
          aquarium_subvault_balcony, aquarium_subvault_bridge],
          aquarium_bridge_square [aquarium_subvault_bridge,
          aquarium_subvault_bridge, aquarium_subvault_window,
          aquarium_subvault_bridge], aquarium_window_fake, aquarium_window_fake,
          aquarium_window_1, aquarium_view_2d, aquarium_view_2f,
          aquarium_pool_S, minmay_evil_grid
Temple:   nicolae_temple_bog_church
Lair:1:   layout_hall_layers, enter_volcano_4, grunt_megastairs_1, uniq_amaemon,
          uniq_fannar
Lair:2:   layout_gridlike, minmay_shoals_entry_lonely_mermaid,
          guppyfry_snake_entry_island, minivault_19,
          nicolae_quartered_pool_little, nicolae_lair_lindhole
Lair:3:   layout_regular_city, kennysheep_snail_temple
Lair:4:   layout_cave_shapes, grunt_forest_stairs_basic, uniq_snorg, uniq_kirke
Lair:5:   hangedman_lair_in_review, layout_regular_city, slime_entry_2,
          minmay_stone_trees_large
Snake:1:  layout_honeycomb, serial_bayou_shore_a, serial_bayou_shore_b
Snake:2:  layout_misc_corridors, nicolae_snake_gridmaze_zigzag,
          lemuel_fruit_tree, uniq_frances, uniq_louise
Orc:1:    gammafunk_beogh_shrine, layout_caves, serial_shops,
          nicolae_shop_window_shopping, nicolae_diamond_shop, basic_altar,
          uniq_gastronok
Orc:2:    kennysheep_orc_mage_school, layout_caves, roderic_batcave, uniq_urug,
          uniq_maurice, uniq_saint_roka
Abyss:3:  base: D:7, base: D:1, evilmike_abyss_rune_siren_acolytes,
          due_exit_kobolds, serial_sigils_hangedman_gut

Skill      XL: |  1  2  3  4  5  6  7  8  9 10 11 12 13 14 15 16 17 18 |
---------------+-------------------------------------------------------+-----
Long Blades    | 3 4 5 6 8 9 10 12 14 16 18 | 18.3
Fighting       | 4 5 7 8 9 10 | 10.0
Armour         | 4 6 7 9 10 11 12 13 | 13.0
Shields        | 4 5 6 9 10 | 10.0
Dodging        | 1 3 4 5 6 7 |  7.0
Invocations    | 4 5 8 9 10 | 10.0
Evocations     | 4 5 7 8 9 10 | 10.0
Ranged Weapons | 5 6 8 10 | 10.0

Action                     |  1- 3 |  4- 6 |  7- 9 | 10-12 | 13-15 | 16-18 || total
---------------------------+-------+-------+-------+-------+-------+-------++-------
  Melee: Long sword        |    90 |   250 |   464 |   478 |    77 |   207 ||  1566
         Rapier            |       |       |    39 |    26 |       |       ||    65
         Falchion          |       |       |       |       |   603 |       ||   603
         Scimitar          |       |       |       |       |   629 |   688 ||  1317
   Fire: Sling             |       |       |       |       |     6 |       ||     6
 Invoke: Upheaval          |       |       |       |     2 |     9 |     2 ||    13
         Elemental Force   |       |       |       |       |     5 |     3 ||     8
         Disaster Area     |       |       |       |       |       |     4 ||     4
  Evoke: Wand              |       |       |       |     9 |    10 |     6 ||    25
    Use: Scroll            |     3 |     8 |    12 |     7 |    16 |     8 ||    54
         Potion            |       |     1 |    10 |     8 |    17 |     8 ||    44
   Stab: Paralysed         |       |       |       |     4 |     9 |     4 ||    17
         Distracted        |       |       |       |       |     2 |       ||     2
         Petrified         |       |       |       |       |       |    10 ||    10
         Petrifying        |       |       |       |       |       |     1 ||     1
 Armour: Chain mail        |    63 |   142 |   265 |       |   499 |   209 ||  1178
         Skin              |       |       |    32 |    13 |       |       ||    45
         Plate armour      |       |       |       |   322 |       |   284 ||   606
  Dodge: Dodged            |    30 |    76 |   177 |   152 |   492 |   241 ||  1168
         Repelled          |       |       |       |       |     3 |    11 ||    14
  Block: Buckler           |    19 |    53 |   154 |   210 |   574 |   644 ||  1654
